| TOP OF THE 1ST |
|
Portland Sea Dogs batting - Pitching for Bowie Baysox : RHP Chris Anderson
|
|
Pitching: RHP Chris Anderson
|
|
|
Batting: LHB Dave Reyes
|
0-0: Ball 1-0: Foul Ball, location: 2F 1-1: Foul Ball, location: 2F 1-2: Ball 2-2: Strikes out swinging
|
|
Batting: LHB Sergio Tinoco
|
0-0: Called Strike 0-1: Ground out 5-3 (Groundball, 6, EV 85.0 MPH)
|
|
Batting: RHB Dave Burwell
|
0-0: Ball 1-0: Foul Ball, location: 2F 1-1: Called Strike 1-2: Ball 2-2: Strikes out swinging
|
| Top of the 1st over - 0 runs, 0 hits, 0 errors, 0 left on base; Portland 0 - Bowie 0 |
| BOTTOM OF THE 1ST |
|
Bowie Baysox batting - Pitching for Portland Sea Dogs : RHP Justin Swenson
|
|
Pitching: RHP Justin Swenson
|
|
|
Batting: LHB Tom Edwards
|
0-0: Called Strike 0-1: Fly out, F2 (Popup, 23F, EV 90.0 MPH)
|
|
Batting: RHB Muneer Maudad
|
0-0: Called Strike 0-1: Called Strike 0-2: Foul Ball, location: 2F 0-2: Ball 1-2: Ball 2-2: Ground out 5-3 (Groundball, 56, EV 103.1 MPH)
|
|
Batting: RHB Travis Leonard
|
0-0: Called Strike 0-1: SINGLE (Line Drive, 78S, EV 94.4 MPH)
|
|
Batting: LHB Andrew Erens
|
0-0: Called Strike 0-1: Ball 1-1: Called Strike 1-2: Strikes out swinging
|
| Bottom of the 1st over - 0 runs, 1 hit, 0 errors, 1 left on base; Portland 0 - Bowie 0 |
| TOP OF THE 2ND |
|
Portland Sea Dogs batting - Pitching for Bowie Baysox : RHP Chris Anderson
|
|
Batting: LHB David Moore
|
0-0: Ball 1-0: Called Strike 1-1: Ball 2-1: Foul Ball, location: 2F 2-2: SINGLE (Groundball, 4MD, EV 97.5 MPH)
|
|
Batting: RHB Travis Campbell
|
0-0: Foul Ball, location: 2F 0-1: Ball 1-1: Swinging Strike 1-2: Ball 2-2: Ball 3-2: Foul Ball, location: 2F 3-2: Base on Balls David Moore to second
|
|
Batting: RHB Miguel Villanueva
|
0-0: Ball 1-0: Ball 2-0: Swinging Strike 2-1: Ball 3-1: Called Strike 3-2: Strikes out swinging
|
|
Batting: RHB Frank Sokolosky
|
0-0: Called Strike 0-1: Grounds into double play, 6-4-3 (Groundball, 6, EV 108.1 MPH)
|
| Top of the 2nd over - 0 runs, 1 hit, 0 errors, 1 left on base; Portland 0 - Bowie 0 |
| BOTTOM OF THE 2ND |
|
Bowie Baysox batting - Pitching for Portland Sea Dogs : RHP Justin Swenson
|
|
Batting: RHB John Gray
|
0-0: Called Strike 0-1: Ground out 4-3 (Groundball, 4, EV 86.9 MPH)
|
|
Batting: RHB Andy Chess
|
0-0: Called Strike 0-1: SINGLE (Line Drive, 6MD, EV 102.5 MPH)
|
|
Batting: RHB Edwin Ramos
|
0-0: Ball 1-0: Swinging Strike 1-1: Ball 2-1: Foul Ball, location: 2F 2-2: SINGLE (Flyball, 3D, EV 88.1 MPH) Andy Chess to second
|
|
Batting: RHB Ray Sims
|
0-0: Ball 1-0: Foul Ball, location: 2F 1-1: Ball 2-1: Foul Ball, location: 2F 2-2: Foul Ball, location: 2F 2-2: Strikes out swinging
|
|
Batting: RHB Ken Jenkins
|
0-0: Called Strike 0-1: Fly out, F9 (Flyball, 9LSF, EV 85.6 MPH)
|
| Bottom of the 2nd over - 0 runs, 2 hits, 0 errors, 2 left on base; Portland 0 - Bowie 0 |
| TOP OF THE 3RD |
|
Portland Sea Dogs batting - Pitching for Bowie Baysox : RHP Chris Anderson
|
|
Batting: RHB Josh Helman
|
0-0: Ball 1-0: Called Strike 1-1: Foul Ball, location: 2F 1-2: Ball 2-2: Foul Ball, location: 2F 2-2: Ball 3-2: Foul Ball, location: 2F 3-2: Ground out 4-3 (Groundball, 4, EV 104.4 MPH)
|
|
Batting: SHB Gus Cruz
|
0-0: Ball 1-0: Ground out 6-3 (Groundball, 6, EV 88.1 MPH)
|
|
Batting: LHB Dave Reyes
|
0-0: SINGLE (Groundball, 6, EV 100.0 MPH)
|
|
Batting: LHB Sergio Tinoco
|
0-0: Ball Dave Reyes steals 2nd base 1-0: Foul Ball, location: 2F 1-1: Ball 2-1: Foul Ball, location: 2F 2-2: Ball 3-2: Foul Ball, location: 2F 3-2: Foul Ball, location: 2F 3-2: Foul Ball, location: 2F 3-2: SINGLE (Line Drive, 7S, EV 93.1 MPH) Dave Reyes to third Runner from 3rd tries for Home, throw by LF and OUT! 7-2
|
| Top of the 3rd over - 0 runs, 2 hits, 0 errors, 1 left on base; Portland 0 - Bowie 0 |
| BOTTOM OF THE 3RD |
|
Bowie Baysox batting - Pitching for Portland Sea Dogs : RHP Justin Swenson
|
|
Batting: LHB Tom Edwards
|
0-0: Fly out, F9 (Line Drive, 9D, EV 95.0 MPH)
|
|
Batting: RHB Muneer Maudad
|
0-0: Called Strike 0-1: Ball 1-1: Foul Ball, location: 2F 1-2: Strikes out swinging
|
|
Batting: RHB Travis Leonard
|
0-0: Called Strike 0-1: Foul Ball, location: 2F 0-2: Ball 1-2: Ball 2-2: Strikes out swinging
|
| Bottom of the 3rd over - 0 runs, 0 hits, 0 errors, 0 left on base; Portland 0 - Bowie 0 |
| TOP OF THE 4TH |
|
Portland Sea Dogs batting - Pitching for Bowie Baysox : RHP Chris Anderson
|
|
Batting: RHB Dave Burwell
|
0-0: Called Strike 0-1: Called Strike 0-2: Ball 1-2: Strikes out swinging
|
|
Batting: LHB David Moore
|
0-0: Foul Ball, location: 2F 0-1: Foul Ball, location: 2F 0-2: Ground out 2-3 (Groundball, 13S, EV 66.2 MPH)
|
|
Batting: RHB Travis Campbell
|
0-0: Foul Ball, location: 2F 0-1: Foul Ball, location: 2F 0-2: Ball 1-2: SINGLE (Flyball, 89S, EV 87.5 MPH)
|
|
Batting: RHB Miguel Villanueva
|
0-0: Ball 1-0: SINGLE (Line Drive, 9LS, EV 112.5 MPH) Travis Campbell to second
|
|
Batting: RHB Frank Sokolosky
|
0-0: Called Strike 0-1: Ground out U3 (Groundball, 3, EV 81.9 MPH)
|
| Top of the 4th over - 0 runs, 2 hits, 0 errors, 2 left on base; Portland 0 - Bowie 0 |
| BOTTOM OF THE 4TH |
|
Bowie Baysox batting - Pitching for Portland Sea Dogs : RHP Justin Swenson
|
|
Batting: LHB Andrew Erens
|
0-0: Called Strike 0-1: Fly out, F8 (Flyball, 8LM, EV 80.6 MPH)
|
|
Batting: RHB John Gray
|
0-0: Ball 1-0: Ball 2-0: Called Strike 2-1: SINGLE (Groundball, 56S, EV 72.5 MPH) (infield hit)
|
|
Batting: RHB Andy Chess
|
0-0: Swinging Strike 0-1: Foul Ball, location: 2F 0-2: Ball 1-2: Ball 2-2: SINGLE (Groundball, 6MD, EV 101.2 MPH) John Gray to second Runner from 2nd tries for 3rd, OUT! 8-5
|
|
Batting: RHB Edwin Ramos
|
0-0: Called Strike 0-1: Ball 1-1: Foul Ball, location: 2F 1-2: Ground out U3 (Groundball, 3, EV 88.1 MPH)
|
| Bottom of the 4th over - 0 runs, 2 hits, 0 errors, 1 left on base; Portland 0 - Bowie 0 |
| TOP OF THE 5TH |
|
Portland Sea Dogs batting - Pitching for Bowie Baysox : RHP Chris Anderson
|
|
Batting: RHB Josh Helman
|
0-0: Called Strike 0-1: Ball 1-1: Foul Ball, location: 2F 1-2: Ball 2-2: Strikes out swinging
|
|
Batting: SHB Gus Cruz
|
0-0: Foul Ball, location: 2F 0-1: Ball 1-1: Foul Ball, location: 2F 1-2: Strikes out looking
|
|
Batting: LHB Dave Reyes
|
0-0: Ball 1-0: Ground out U3 (Groundball, 3, EV 89.4 MPH)
|
| Top of the 5th over - 0 runs, 0 hits, 0 errors, 0 left on base; Portland 0 - Bowie 0 |
| BOTTOM OF THE 5TH |
|
Bowie Baysox batting - Pitching for Portland Sea Dogs : RHP Justin Swenson
|
|
Batting: RHB Ray Sims
|
0-0: Ball 1-0: Foul Ball, location: 2F 1-1: Ball 2-1: SINGLE (Groundball, 4MD, EV 91.2 MPH) (infield hit)
|
|
Batting: RHB Ken Jenkins
|
0-0: Foul Ball, location: 2F 0-1: Ball 1-1: Ball 2-1: Fielders Choice at 2nd, 4-6 (Groundball, 34, EV 86.2 MPH)
|
|
Batting: LHB Tom Edwards
|
0-0: Ball 1-0: Called Strike 1-1: Ball 2-1: Called Strike 2-2: Fly out, F9 (Flyball, 9, EV 93.1 MPH)
|
|
Batting: RHB Muneer Maudad
|
0-0: Ball Ken Jenkins steals 2nd base 1-0: Ball 2-0: Ball 3-0: Called Strike 3-1: Called Strike 3-2: Foul Ball, location: 2F 3-2: Base on Balls
|
|
Batting: RHB Travis Leonard
|
0-0: Ball 1-0: Ball 2-0: Ball 3-0: Foul Ball, location: 2F 3-1: Called Strike 3-2: Strikes out swinging
|
| Bottom of the 5th over - 0 runs, 1 hit, 0 errors, 2 left on base; Portland 0 - Bowie 0 |
| TOP OF THE 6TH |
|
Portland Sea Dogs batting - Pitching for Bowie Baysox : RHP Chris Anderson
|
|
Batting: LHB Sergio Tinoco
|
0-0: Ball 1-0: Ball 2-0: Called Strike 2-1: Ball 3-1: Base on Balls
|
|
Batting: RHB Dave Burwell
|
0-0: Foul Ball, location: 2F 0-1: Foul Ball, location: 2F 0-2: Ball 1-2: Strikes out swinging
|
|
Batting: LHB David Moore
|
0-0: Ball 1-0: Called Strike 1-1: Ball 2-1: Ball 3-1: Called Strike 3-2: Foul Ball, location: 2F 3-2: Strikes out swinging
|
|
Batting: RHB Travis Campbell
|
0-0: Called Strike 0-1: Ball 1-1: Ground out 4-3 (Groundball, 4, EV 104.4 MPH)
|
| Top of the 6th over - 0 runs, 0 hits, 0 errors, 1 left on base; Portland 0 - Bowie 0 |
| BOTTOM OF THE 6TH |
|
Bowie Baysox batting - Pitching for Portland Sea Dogs : RHP Justin Swenson
|
|
Batting: LHB Andrew Erens
|
0-0: Ball 1-0: Ball 2-0: Called Strike 2-1: Ball 3-1: Called Strike 3-2: Strikes out looking
|
|
Batting: RHB John Gray
|
0-0: Called Strike 0-1: SINGLE (Flyball, 78S, EV 87.5 MPH)
|
|
Pitching: RHP Pedro Torres
|
|
|
Batting: RHB Andy Chess
|
0-0: Ball 1-0: Swinging Strike 1-1: Ball 2-1: Foul Ball, location: 2F 2-2: Foul Ball, location: 2F 2-2: Ball 3-2: Base on Balls John Gray to second
|
|
Batting: RHB Edwin Ramos
|
0-0: Foul Ball, location: 2F 0-1: DOUBLE (Flyball, 8LXD, EV 100.6 MPH) John Gray scores Andy Chess to third
|
|
Batting: RHB Ray Sims
|
0-0: Called Strike 0-1: Foul Ball, location: 2F 0-2: Ball 1-2: Strikes out swinging
|
|
Batting: RHB Ken Jenkins
|
0-0: Ball 1-0: Ball 2-0: Foul Ball, location: 2F 2-1: Swinging Strike 2-2: Ball 3-2: SINGLE (Flyball, 34D, EV 93.8 MPH) Andy Chess scores Edwin Ramos to third
|
|
Batting: LHB Tom Edwards
|
0-0: Ball 1-0: Ground out 4-3 (Groundball, 34, EV 86.2 MPH)
|
| Bottom of the 6th over - 2 runs, 3 hits, 0 errors, 2 left on base; Portland 0 - Bowie 2 |
| TOP OF THE 7TH |
|
Portland Sea Dogs batting - Pitching for Bowie Baysox : RHP Chris Anderson
|
|
Pitching: RHP Mike Brubaker
|
|
|
Batting: RHB Miguel Villanueva
|
0-0: Swinging Strike 0-1: Foul Ball, location: 2F 0-2: Strikes out swinging
|
|
Pinch Hitting: LHB Parker Lowe
|
0-0: Called Strike 0-1: Ground out U3 (Groundball, 3, EV 85.0 MPH)
|
|
Batting: RHB Josh Helman
|
0-0: Ground out 5-3 (Groundball, 5, EV 101.2 MPH)
|
| Top of the 7th over - 0 runs, 0 hits, 0 errors, 0 left on base; Portland 0 - Bowie 2 |
| BOTTOM OF THE 7TH |
|
Bowie Baysox batting - Pitching for Portland Sea Dogs : RHP Pedro Torres
|
|
Pitching: RHP Juan Mejia
|
|
|
Now at 2B: Mike Batko
|
|
|
Batting: RHB Muneer Maudad
|
0-0: Called Strike 0-1: SINGLE (Line Drive, 9S, EV 95.6 MPH)
|
|
Batting: RHB Travis Leonard
|
0-0: Called Strike 0-1: Ball 1-1: Ball 2-1: Ball 3-1: Swinging Strike 3-2: SINGLE (Line Drive, 6D, EV 100.0 MPH) Muneer Maudad to second
|
|
Batting: LHB Andrew Erens
|
0-0: Called Strike 0-1: Fielders Choice at 2nd, U6 (Groundball, 4M, EV 104.4 MPH) Muneer Maudad to third
|
|
Batting: RHB John Gray
|
0-0: Ball 1-0: Called Strike 1-1: Called Strike Andrew Erens is caught stealing 2nd base 2-4 1-2: Fly out, F8 (Flyball, 8RM, EV 85.0 MPH)
|
| Bottom of the 7th over - 0 runs, 2 hits, 0 errors, 1 left on base; Portland 0 - Bowie 2 |
| TOP OF THE 8TH |
|
Portland Sea Dogs batting - Pitching for Bowie Baysox : RHP Mike Brubaker
|
|
Batting: SHB Gus Cruz
|
0-0: Called Strike 0-1: SOLO HOME RUN (Flyball, 9LD, EV 95.6 MPH), Distance : 349 ft
|
|
Batting: LHB Dave Reyes
|
0-0: Ball 1-0: Called Strike 1-1: Called Strike 1-2: Ball 2-2: SINGLE (Groundball, 25, EV 67.5 MPH) (infield hit)
|
|
Batting: LHB Sergio Tinoco
|
0-0: Ball 1-0: Ball 2-0: Ball 3-0: Foul Ball, location: 2F 3-1: Foul Ball, location: 2F 3-2: Strikes out swinging
|
|
Batting: RHB Dave Burwell
|
0-0: SINGLE (Line Drive, 89S, EV 94.4 MPH) Dave Reyes to second Runner from 2nd tries for 3rd, SAFE, throw by RF made to third
|
|
Batting: LHB David Moore
|
0-0: Ball 1-0: Ball 2-0: Called Strike 2-1: Called Strike 2-2: Ball 3-2: Fly out, F9 (Flyball, 89M, EV 93.1 MPH) Runner from 3rd tags up, SCORES, no throw by RF
|
|
Batting: RHB Travis Campbell
|
0-0: Ball 1-0: Ball 2-0: Ball 3-0: Called Strike 3-1: Ground out 4-3 (Groundball, 4, EV 87.5 MPH)
|
| Top of the 8th over - 2 runs, 3 hits, 0 errors, 1 left on base; Portland 2 - Bowie 2 |
| BOTTOM OF THE 8TH |
|
Bowie Baysox batting - Pitching for Portland Sea Dogs : RHP Juan Mejia
|
|
Pinch Hitting: LHB Justin Moore
|
0-0: Ball 1-0: Ground out 6-3 (Groundball, 4S, EV 67.5 MPH)
|
|
Batting: RHB Edwin Ramos
|
0-0: Foul Ball, location: 2F 0-1: Called Strike 0-2: Strikes out swinging
|
|
Batting: RHB Ray Sims
|
0-0: Foul Ball, location: 2F 0-1: Ball 1-1: Ball 2-1: Ball 3-1: Called Strike 3-2: Strikes out swinging
|
| Bottom of the 8th over - 0 runs, 0 hits, 0 errors, 0 left on base; Portland 2 - Bowie 2 |
| TOP OF THE 9TH |
|
Portland Sea Dogs batting - Pitching for Bowie Baysox : RHP Mike Brubaker
|
|
Pitching: RHP Corey Rizzuto
|
|
|
Now at 1B: Edwin Ramos
|
|
|
Now in LF: Justin Moore
|
|
|
Pinch Hitting: LHB Aaron Brannon
|
0-0: Called Strike 0-1: Foul Ball, location: 2F 0-2: Foul Ball, location: 2F 0-2: Ball 1-2: Foul Ball, location: 2F 1-2: Strikes out swinging
|
|
Pinch Hitting: LHB Blake Sams
|
0-0: Ball 1-0: Ground out 4-3 (Groundball, 34, EV 100.6 MPH)
|
|
Batting: RHB Josh Helman
|
0-0: Called Strike 0-1: Ball 1-1: Swinging Strike 1-2: Foul Ball, location: 2F 1-2: Strikes out swinging, 2-3 out at first.
|
| Top of the 9th over - 0 runs, 0 hits, 0 errors, 0 left on base; Portland 2 - Bowie 2 |
| BOTTOM OF THE 9TH |
|
Bowie Baysox batting - Pitching for Portland Sea Dogs : RHP Juan Mejia
|
|
Pitching: RHP Elliot Monroe
|
|
|
Now at 2B: Larry Brocato
|
|
|
Now in RF: Blake Sams
|
|
|
Pinch Hitting: LHB Raul Rojas
|
0-0: Swinging Strike 0-1: Ball 1-1: Ball 2-1: Called Strike 2-2: Fly out, F5 (Popup, 56, EV 60.0 MPH)
|
|
Batting: LHB Tom Edwards
|
0-0: Foul Ball, location: 2F 0-1: SINGLE (Groundball, 34D, EV 98.8 MPH)
|
|
Batting: RHB Muneer Maudad
|
0-0: Ball 1-0: Called Strike Tom Edwards steals 2nd base 1-1: Called Strike 1-2: Ball 2-2: DOUBLE (Line Drive, 8LXD, EV 105.6 MPH) Tom Edwards scores
|
| Bottom of the 9th over - 1 run, 2 hits, 0 errors, 1 left on base; Portland 2 - Bowie 3 |
|